Map: Divergence CE

Players

Nyck

  • Race: Terran Terran
  • Spawn Location: 5:00

Ekelpack

  • Race: Zerg Zerg
  • Spawn Location: 5:00

ZeD

  • Race: Terran Terran
  • Spawn Location: 11:00

stc

  • Race: Zerg Zerg
  • Spawn Location: 11:00

VOD

Have the link to the VOD?

Description

Time

  • Played on: Aug. 20, 2024, 4:07 p.m.
  • Length: 8:51
Show
View Real Time Build Order
Export as new Build Order

Nyck Terran 

Build Orders:  

Get SALT Encoding   

  12  0:00  SCV  
  13  0:12  SCV  
  14  0:18  Supply Depot  
  14  0:24  SCV  
  15  0:40  SCV  
  15  0:42  Barracks  
  16  0:52  SCV  
  16  0:55  Refinery  
  17  1:04  SCV  
  17  1:20  SCV  
  18  1:32  SCV  
  18  1:38  Marine  
  19  1:44  SCV  
  20  1:49  Supply Depot  
  20  1:53  Command Center  
  20  1:57  SCV  
  21  2:04  Reaper  
  22  2:12  Orbital Command  
  22  2:16  Supply Depot  
  22  2:20  Refinery  
  22  2:37  Reaper  
  23  2:38  SCV  
  24  2:46  Supply Depot  
  24  2:50  SCV  
  25  3:02  SCV  
  26  3:15  SCV  
  27  3:22  Reaper  
  29  3:27  SCV  
  29  3:30  Factory  
  29  3:39  SCV  
  30  3:51  SCV  
  31  4:03  SCV  
  32  4:32  Command Center  
  32  4:46  Starport  
  32  4:47  Factory Tech Lab  
  32  4:58  SCV  
  33  5:03  Engineering Bay  
  33  5:10  SCV  
  34  5:15  Refinery  
  34  5:17  SCV  
  35  5:31  Fusion Core  
  35  5:32  Armory  
  35  5:36  Armory  
  35  5:38  SCV  
  35  5:42  Planetary Fortress  
  36  5:51  SCV  
  37  6:03  SCV, Refinery  
  38  6:09  Refinery  
  38  6:15  SCV  
  39  6:25  Battlecruiser  
  45  6:27  SCV  
  45  6:30  Starport  
  45  6:32  Starport  
  46  6:36  Terran Vehicle And Ship Armor Level 1, Starport  
  46  6:45  SCV  
  46  6:46  SCV  
  48  6:47  Orbital Command  
  44  6:58  SCV x2  
  44  7:00  Missile Turret  
  41  7:08  Missile Turret  
  28  7:20  Missile Turret  
  20  7:45  SCV  
  20  7:46  SCV x2  
  23  7:51  Starport Tech Lab  
  23  7:52  Starport Tech Lab  
  23  7:54  Starport Tech Lab  
  23  7:57  SCV  
  24  7:58  SCV x2  
  26  8:09  SCV  
  26  8:10  SCV  
  26  8:11  SCV  
  21  8:23  SCV  
  28  8:37  SCV  
Show
View Real Time Build Order
Export as new Build Order

Ekelpack Zerg 

Build Orders: Pool First 

Get SALT Encoding   

  12  0:00  Drone  
  13  0:08  Drone  
  14  0:17  Extractor  
  14  0:18  Drone  
  14  0:24  Overlord  
  14  0:42  Drone x2  
  16  0:45  Drone  
  17  0:51  Spawning Pool  
  16  0:57  Drone  
  17  1:05  Drone  
  18  1:25  Drone  
  19  1:26  Hatchery  
  19  1:30  Drone  
  19  1:40  Zergling x2  
  19  1:43  Queen  
  22  1:52  Overlord  
  22  2:12  Drone x2, Extractor  
  23  2:19  Lair  
  23  2:23  Drone  
  23  2:26  Metabolic Boost  
  24  2:33  Drone  
  25  2:40  Drone, Queen  
  28  2:47  Drone  
  29  3:03  Drone x2  
  31  3:11  Overlord  
  31  3:12  Extractor  
  30  3:14  Drone x3  
  33  3:26  Extractor  
  32  3:27  Drone x2  
  32  3:28  Overlord  
  34  3:34  Spire  
  34  3:37  Drone  
  34  3:43  Drone  
  34  3:47  Drone x3  
  38  3:54  Drone  
  38  3:55  Drone x2  
  41  3:59  Overlord  
  41  4:05  Drone  
  42  4:16  Drone  
  43  4:25  Drone  
  44  4:37  Drone  
  45  4:47  Drone  
  45  4:48  Mutalisk x6  
  45  4:51  Mutalisk  
  60  4:52  Overlord  
  60  4:53  Overlord x2  
  60  4:55  Zerg Flyer Weapons Level 1  
  60  5:10  Hatchery  
  60  5:12  Queen  
  61  5:25  Drone x2  
  61  5:26  Drone x4  
  65  5:55  Mutalisk x2  
  65  5:56  Mutalisk x4  
  71  5:58  Drone x4  
  71  6:24  Extractor  
  71  6:25  Extractor  
  69  6:36  Drone x3  
  69  6:37  Drone x5  
  77  6:40  Overlord  
  77  6:41  Overlord x2  
  77  6:47  Infestation Pit  
  76  6:54  Corruptor  
  76  6:55  Corruptor x5  
  79  7:12  Corruptor x2  
  83  7:16  Drone x2  
  85  7:28  Zergling x8  
  85  7:29  Zergling x8  
  93  7:35  Hive  
  93  7:51  Zergling x10  
  96  7:52  Zergling x2  
  83  8:05  Corruptor  
  83  8:06  Corruptor x3  
  81  8:16  Corruptor x3  
  87  8:25  Zergling x10  
  92  8:28  Zergling x4  
  92  8:29  Zergling x10  
Show
View Real Time Build Order
Export as new Build Order

ZeD Terran 

Build Orders: Reaper Expand 

Get SALT Encoding   

  12  0:09  SCV  
  13  0:18  Supply Depot  
  13  0:21  SCV  
  14  0:33  SCV  
  15  0:56  Barracks  
  15  0:57  SCV, Refinery  
  16  1:09  SCV  
  16  1:10  Barracks  
  17  1:32  SCV  
  17  1:43  Command Center  
  17  1:47  SCV  
  17  1:53  Reaper  
  19  2:01  Barracks Tech Lab  
  19  2:15  Orbital Command  
  19  2:22  Marine  
  19  2:27  Refinery  
  20  2:30  Marine  
  21  2:41  SCV  
  22  2:45  Supply Depot  
  22  2:48  Stimpack  
  22  2:49  Marine  
  23  3:09  Reaper  
  23  3:10  Marauder  
  26  3:22  SCV  
  27  3:34  SCV, Factory  
  28  3:39  Barracks  
  28  3:41  Marine  
  29  3:46  SCV  
  30  3:54  Orbital Command  
  30  3:58  SCV, Marauder  
  33  4:10  SCV  
  33  4:15  Marine  
  35  4:19  Marauder, Factory Tech Lab  
  35  4:20  Supply Depot  
  35  4:22  SCV  
  38  4:28  Engineering Bay  
  38  4:30  SCV  
  39  4:34  SCV  
  40  4:42  SCV, Refinery  
  40  4:43  Marine, Refinery  
  42  4:48  Combat Shield  
  42  4:54  Siege Tank  
  42  4:56  SCV  
  46  5:00  Terran Infantry Armor Level 1  
  46  5:06  SCV  
  47  5:08  SCV  
  48  5:16  Marine  
  48  5:18  SCV, Marine x2  
  48  5:20  SCV  
  53  5:25  Starport  
  53  5:32  Missile Turret  
  53  5:35  Missile Turret  
  53  5:36  Marine  
  52  5:56  Marine x2  
  50  5:59  Widow Mine  
  50  6:04  Medivac  
  54  6:05  Barracks Reactor  
  54  6:14  Supply Depot  
  54  6:19  Marine  
  54  6:20  SCV, Barracks  
  54  6:24  Widow Mine  
  58  6:54  Marine x2, Barracks Reactor  
  58  6:56  Siege Tank  
  63  7:04  SCV x2  
  65  7:13  Marauder  
  67  7:19  Marine x2  
  69  7:25  Command Center  
  69  7:28  Supply Depot  
  69  7:33  Medivac  
  69  7:34  Marauder  
  69  7:36  Supply Depot  
  73  7:39  SCV  
  73  7:42  Starport  
  62  8:13  Marine x4  
  62  8:14  Marine  
  64  8:26  Widow Mine  
  70  8:28  SCV x2  
  70  8:31  Marine  
  73  8:35  Starport Reactor, Barracks  
  75  8:50  Refinery x2  
Show
View Real Time Build Order
Export as new Build Order

stc Zerg 

Build Orders: Hatch First 

Get SALT Encoding   

  12  0:00  Drone  
  13  0:08  Drone  
  14  0:16  Overlord  
  14  0:38  Drone x3  
  17  0:55  Hatchery  
  16  1:23  Drone x3  
  19  1:35  Drone  
  20  1:40  Spawning Pool, Extractor  
  20  1:46  Drone  
  18  1:56  Drone  
  19  2:06  Drone, Extractor  
  19  2:13  Drone  
  20  2:19  Drone, Hatchery  
  20  2:23  Drone  
  21  2:32  Drone  
  22  2:39  Drone  
  22  2:40  Queen  
  22  2:42  Queen, Overlord  
  27  2:46  Drone  
  28  3:04  Drone x2  
  30  3:09  Drone x2  
  32  3:28  Drone  
  32  3:29  Drone  
  32  3:30  Lair  
  32  3:33  Drone  
  32  3:34  Drone x2  
  37  3:36  Drone x2  
  37  3:37  Extractor x2  
  37  3:42  Queen  
  37  3:48  Drone x2  
  41  3:50  Drone  
  41  3:55  Overlord  
  42  4:03  Overlord  
  42  4:17  Drone  
  42  4:18  Drone x2  
  42  4:20  Drone x5  
  42  4:21  Drone x2  
  52  4:25  Overlord  
  52  4:34  Spire  
  51  4:40  Drone x3  
  51  4:43  Overlord  
  51  4:45  Overlord  
  54  4:51  Drone x3  
  54  4:52  Drone  
  58  4:54  Drone  
  58  4:57  Drone  
  58  4:58  Drone  
  61  5:05  Extractor  
  61  5:06  Drone x2  
  62  5:07  Drone x3, Extractor  
  62  5:10  Overlord  
  62  5:11  Overlord  
  64  5:16  Drone x3  
  64  5:17  Drone  
  68  5:24  Drone  
  69  5:34  Spore Crawler  
  68  5:36  Spore Crawler  
  68  5:37  Spore Crawler  
  68  5:39  Spore Crawler  
  68  5:41  Spore Crawler  
  68  5:42  Spore Crawler  
  63  5:45  Mutalisk  
  63  5:46  Mutalisk x6  
  63  5:48  Mutalisk  
  79  6:00  Mutalisk x5  
  89  6:05  Mutalisk  
  89  6:06  Mutalisk  
  93  6:15  Mutalisk  
  93  6:17  Overlord x2  
  93  6:18  Overlord x2  
  95  6:27  Spine Crawler  
  94  6:45  Roach Warren  
  93  6:48  Hydralisk Den  
  92  7:43  Corruptor x13  
  92  7:44  Corruptor  
  118  8:03  Corruptor  
  118  8:04  Corruptor x2  
  118  8:16  Zergling x2  
  118  8:17  Zergling x6  
  118  8:18  Overlord x3  
  118  8:19  Overlord x2  
  122  8:33  Overlord x3  
  122  8:41  Evolution Chamber  
  121  8:42  Evolution Chamber  
Tags
 
Add a new tag
Caveats
  • Supply blocks, unpowered buildings, or Contaminate may cause inaccurate times.
  • Supply counts are checked every 10 seconds.